 Dungeon Crawl Stone Soup version 0.31.0-12-g77e489cdc1 (webtiles) character file.

Game seed: 4649603325263829387

23 KKCryptic the Shooter (level 2, 0/16 HPs)
             Began as a Deep Elf Hexslinger on Feb 21, 2024.
             Killed from afar by a dart slug (2 damage)
             ... with a slug dart
             ... on level 2 of the Dungeon.
             The game lasted 00:03:10 (761 turns).

KKCryptic the Shooter (Deep Elf Hexslinger)          Turns: 761, Time: 00:03:11

Health: 0/16       AC:  2    Str:  5    XL:     2   Next: 72%
Magic:  6/6        EV: 13    Int: 17    God:
Gold:   58         SH:  0    Dex: 17    Spells: 4/4 levels left

rFire   . . .        a - +1 sling
rCold   . . .        (no shield)
rNeg    . . .        c - +0 robe
rPois   .            (no helmet)
rElec   .            (no cloak)
rCorr   .            (no gloves)
SInv    .            (no boots)
Will    .....        (no amulet)
Stlth   ++           (no ring)
HPRegen 0.22/turn    (no ring)
MPRegen 0.10/turn

%: no passive effects
@: brilliant
A: no striking features
a: no special abilities


You were on level 2 of the Dungeon.
You visited 1 branch of the dungeon, and saw 2 of its levels.

You collected 58 gold pieces.

Inventory:

Hand Weapons
 a - a +1 sling (weapon)
Armour
 c - a +0 robe (worn)
Scrolls
 b - 2 scrolls of poison


   Skills:
 - Level 0.7 Fighting
 + Level 4.5 Ranged Weapons
 - Level 2.4 Dodging
 - Level 1.5 Spellcasting
 - Level 4.0 Hexes
 - Level 1.1 Fire Magic


You had 4 spell levels left.
You didn't know any spells.
Your spell library contained the following spells:

 Spells                   Type           Power      Damage    Failure   Level
 Jinxbite                 Hex            44%        N/A       6%          2
 Sigil of Binding         Hex            22%        N/A       12%         3
 Inner Flame              Hex/Fire       14%        N/A       22%         3
 Cause Fear               Hex            11%        N/A       36%         4
 Stone Arrow              Conj/Erth      2%         3d7       52%         3
 Dimensional Bullseye     Hex/Tloc       6%         N/A       65%         4
 Animate Armour           Summ/Erth      2%         N/A       90%         4
 Lehudib's Crystal Spear  Conj/Erth      0%         10d2      100%        8


Dungeon Overview and Level Annotations

Branches:
Dungeon (2/15)

Altars:


Message History

The sling bullet barely misses the adder.
The adder barely misses you. The dart slug bites you.
You shoot a sling bullet. The sling bullet misses the adder.
The adder bites you. The adder barely misses you. The dart slug misses you.
You shoot a sling bullet.
The sling bullet hits the adder but does no damage.
The adder is heavily wounded.
The adder bites you.
You are too injured to fight recklessly!
You are too injured to fight recklessly!
Fire: a) +1 sling
Press: ? - help, Q - select action Shift-Dir - straight line, f/p - adder
Aim: an adder (moderately wounded, 42% to hit)
You shoot a sling bullet.
The sling bullet closely misses the adder.
The adder misses you.
The dart slug bites you but does no damage.
The adder bites you.
* * * LOW HITPOINT WARNING * * *
It was a potion of brilliance.
You feel clever all of a sudden. The adder barely misses you.
The dart slug bites you but does no damage.
You don't know any spells.
As you read the scroll labelled GAYRPH QIWEO, it dissolves into smoke.
It was a scroll of fog.
The adder closely misses you. The dart slug bites you.
* * * LOW HITPOINT WARNING * * *
The adder barely misses you.
As you read the scroll labelled MOIROBAWNU, it crumbles to dust.
It is a scroll of identify.
You don't currently have any unidentified items.
The adder misses you.
Fire: a) +1 sling
Press: ? - help, Q - select action Shift-Dir - straight line, f/p - adder
Aim: an adder (blue smoke, moderately wounded, 42% to hit)
You shoot a sling bullet. The sling bullet misses the adder.
The adder barely misses you. The dart slug launches a dart at you.
The slug dart hits you.
You die...

##+ +## #...##
##...#.
..8..§###§..8...
#...§§§S@§....#
#...§w§§§.###
###§§§§§###
##§8§## ...§.
...<...
.........
8...###...8
...## ##...


You could see an adder and a dart slug.

Vanquished Creatures
  A dart slug (D:1)
  2 ball pythons (D:1)
  2 bats (D:1)
  2 endoplasms (D:1)
  3 goblins (D:1)
  2 hobgoblins (D:1)
  A quokka (D:1)
  3 kobolds (D:1)
  2 rats (D:1)
18 creatures vanquished.

Notes
Turn   | Place    | Note
-------+----------+-------------------------------------------
     0 | D:1      | KKCryptic the Deep Elf Hexslinger began the quest for the
                  | Orb.
     0 | D:1      | Reached XP level 1. HP: 11/11 MP: 5/5
   113 | D:1      | Reached XP level 2. HP: 16/16 MP: 6/6
   761 | D:2      | Killed from afar by a dart slug

Illustrated notes

Levels and vault maps discovered:
D:1:      dpeg_arrival_tiny_g, layout_basic
D:2:      layout_basic, minmay_misc_feat_columns, grunt_ministairs_13,
          uniq_natasha, uniq_terence

Skill      XL: |  1  2 |
---------------+-------+-----
Ranged Weapons | 3 4 |  4.5
Fighting       | |  0.7
Dodging        | |  2.4
Spellcasting   | |  1.5
Hexes          | |  4.0
Fire Magic     | |  1.1

Action                     || total
---------------------------++-------
   Fire: Sling             ||    46
    Use: Scroll            ||     2
         Potion            ||     1
 Armour: Robe              ||    10
  Dodge: Dodged            ||    14
